 Dungeon Crawl Stone Soup version 0.18-a0-1292-ge8ad84c (webtiles) character file.

383 Ijustatesigmund the Cudgeler (level 6, -4/50 HPs)
             Began as a Demonspawn Fighter on Feb 9, 2016.
             Killed from afar by a gnoll (24 damage)
             ... with a wand of lightning
             ... on level 3 of the Dungeon.
             The game lasted 00:06:12 (2954 turns).

Ijustatesigmund the Cudgeler (Demonspawn Fighter)   Turns: 2954, Time: 00:06:12

Health: -4/50      AC:  7    Str: 17    XL:     6   Next: 47%
Magic:  6/6        EV: 10    Int:  9    God:
Gold:   227        SH:  9    Dex: 14    Spells: 0 memorised, 5 levels left

rFire  . . .     SeeInvis .     a - +0 flail
rCold  . . .     Gourm    .     b - +0 scale mail
rNeg   . . .     Faith    .     c - +0 shield
rPois  .         Spirit   .     (no helmet)
rElec  .         Dismiss  .     (no cloak)
rCorr  .         Reflect  .     (no gloves)
SustAt .         Harm     .     (no boots)
MR     .....                    (no amulet)
Stlth  +.........               (no ring)
                                i - +4 ring of evasion

@: not resistant to hostile enchantments, very unstealthy
A: hooves 1, molten scales 1, nightstalker 1, powered by pain 1
a: no special abilities


You were on level 3 of the Dungeon.
You were not hungry.

You visited 1 branch of the dungeon, and saw 3 of its levels.

You collected 227 gold pieces.

Inventory:

Hand Weapons
 a - a +0 flail (weapon)
Armour
 b - a +0 scale mail (worn)
 c - a +0 shield (worn)
Jewellery
 i - a +4 ring of evasion (left hand)
Wands
 d - a wand of flame (15/48)
Potions
 e - 5 potions of cure mutation
 h - 2 potions of lignification
 k - a potion of beneficial mutation {unknown}
 m - a potion of heal wounds {unknown}
 p - a potion of berserk rage {unknown}
Comestibles
 f - 6 bread rations
 g - 3 fruits
 l - a beef jerky
 n - a meat ration


   Skills:
 + Level 4.9 Fighting
 * Level 5.2 Maces & Flails
 - Level 2.6 Armour
 - Level 2.6 Shields


You had 5 spell levels left.
You didn't know any spells.

Dungeon Overview and Level Annotations

Branches:
Dungeon (3/15)

Altars:
Qazlal


Innate Abilities, Weirdness & Mutations

You have large cloven feet.
You are partially covered in molten scales (AC +1).
You are slightly more attuned to the shadows.
You sometimes gain a little power by taking damage.


Message History

It is a wand of lightning.
A kobold comes into view.
You are too injured to fight recklessly!
You are too injured to fight recklessly!
You are too injured to fight recklessly!
You are too injured to fight recklessly!
You are too injured to fight recklessly!
You are too injured to fight recklessly!
You are too injured to fight recklessly!
You are too injured to fight recklessly!
You are too injured to fight recklessly!
You are too injured to fight recklessly!
You are too injured to fight recklessly!
You are too injured to fight recklessly!
You aren't carrying any spellbooks or scrolls.
Unknown command.
Drink which item? (? for menu, Esc to quit)
It was a potion of curing.
You feel better.
The gnoll zaps a wand.
The bolt of lightning hits you!
You die...

...#§...§#.#
#)#.....#.# ##
Ko.._.... #.
..#....g# #.
#.#§.g.§# #.
#.###.# #. #.##o.#
#. #.##.## #.##@#
..########.##.####
...........##....#
#######†....'....#
#...##'#####....#
#.........##....#
##
#.........##....#
#.
###.......##....#
#. #.......##....#
#.


You could see 2 gnolls and an orc.

Vanquished Creatures
  Sigmund (D:2)
  Ijyb (D:3)
  An orc wizard (D:3)
  3 gnolls (D:3)
  8 adders
  2 oozes
  A worm (D:2)
  5 orcs (D:3)
  10 hobgoblins
  4 jackals (D:3)
  10 kobolds
  A quokka (D:3)
  A ball python (D:2)
  7 bats
  2 giant newts
  2 goblins (D:2)
  A jackal skeleton (D:3)
  8 rats
  A bush (D:1)
69 creatures vanquished.

Notes
Turn   | Place    | Note
--------------------------------------------------------------
     0 | D:1      | Ijustatesigmund the Demonspawn Fighter began the quest for the Orb.
     0 | D:1      | Reached XP level 1. HP: 18/18 MP: 1/1
   574 | D:1      | Gained mutation: You are slightly more attuned to the shadows. [demonic ancestry]
   574 | D:1      | Reached XP level 2. HP: 24/24 MP: 2/2
  1013 | D:2      | Gained mutation: You have large cloven feet. [demonic ancestry]
  1013 | D:2      | Reached XP level 3. HP: 22/29 MP: 3/3
  1545 | D:2      | Noticed Sigmund
  1555 | D:2      | Killed Sigmund
  1555 | D:2      | Reached skill level 4 in Fighting
  1555 | D:2      | Reached XP level 4. HP: 17/38 MP: 4/4
  1555 | D:2      | Gained mutation: You are partially covered in molten scales (AC +1). [demonic ancestry]
  1555 | D:2      | Reached XP level 5. HP: 19/43 MP: 5/5
  2240 | D:3      | Gained mutation: You sometimes gain a little power by taking damage. [demonic ancestry]
  2240 | D:3      | Reached XP level 6. HP: 47/49 MP: 6/6
  2670 | D:3      | Reached skill level 5 in Maces & Flails
  2914 | D:3      | Noticed Ijyb
  2921 | D:3      | Killed Ijyb
  2947 | D:3      | Found a stormy altar of Qazlal.
  2954 | D:3      | Killed from afar by a gnoll

Vault maps used:
D:1:      lightli_arrival_chessboard, serial_forest, infiniplex_forest_lined_2,
          infiniplex_forest_end_3, infiniplex_forest_straight_3,
          infiniplex_forest_clump_curved, infiniplex_forest_clump_double,
          infiniplex_forest_lined_room_3, infiniplex_forest_clump_cross
D:2:      first_bread, uniq_sigmund
D:3:      kennysheep_big_flooded_room, grunt_qazlal_clouds, uniq_iyjb

Action                   |  1- 3 |  4- 6 || total
-------------------------+-------+-------++-------
Melee: Flail             |   194 |   154 ||   348
  Use: Scroll            |     6 |       ||     6
       Potion            |     1 |     1 ||     2
  Eat: Chunk             |     2 |     5 ||     7
